 Dungeon Crawl Stone Soup version 0.30.1-9-gdf580d7c3d (webtiles) character file.

Game seed: 544169463919706349

218 Ivernyr the Twirler (level 5, -2/28 HPs)
             Began as a Vine Stalker Gladiator on Sept 27, 2023.
             Slain by Pikel
             ... wielding a +2 whip of freezing
              (9 damage)
             ... on level 3 of the Dungeon.
             The game lasted 00:05:39 (2477 turns).

Ivernyr the Twirler (Vine Stalker Gladiator)        Turns: 2477, Time: 00:05:40

Health: -2/28      AC:  5    Str: 18    XL:     5   Next: 95%
Magic:  0/6        EV: 13    Int:  8    God:
Gold:   118        SH:  0    Dex: 16    Spells: 4/4 levels left

rFire   . . .        a - +0 quarterstaff
rCold   . . .        (shield currently unavailable)
rNeg    . . .        b - +0 leather armour
rPois   +            c - +0 helmet
rElec   .            (no cloak)
rCorr   .            (no gloves)
SInv    .            j - +0 pair of boots
Will    .....        q - amulet of the acrobat
Stlth   +            t - ring of poison resistance
HPRegen 1.04/turn    (no ring)
MPRegen 0.10/turn

%: acrobat, guardian spirit
@: no status effects
A: fangs 2, regeneration 1, magic shield, antimagic bite, no potion heal 2
a: no special abilities


You were on level 3 of the Dungeon.
You visited 1 branch of the dungeon, and saw 4 of its levels.

You collected 118 gold pieces.

Inventory:

Hand Weapons
 a - a +0 quarterstaff (weapon)
Missiles
 d - 3 throwing nets (quivered)
 e - a javelin
Armour
 b - a +0 leather armour (worn)
 c - a +0 helmet (worn)
 j - a +0 pair of boots (worn)
Jewellery
 q - an amulet of the acrobat (around neck)
 t - a ring of poison resistance (left hand)
Scrolls
 f - a scroll of magic mapping {unknown}
 g - 2 scrolls of noise {unknown}
 h - a scroll of fog {unknown}
 k - 3 scrolls of teleportation {unknown}
 l - a scroll of immolation {unknown}
 s - a scroll of identify {unknown}
Potions
 i - a potion of mutation {unknown}
 m - 4 potions of heal wounds {unknown}
 n - a potion of lignification {unknown}
 o - a potion of degeneration {unknown}
 p - a potion of invisibility {unknown}
 r - 3 potions of curing {unknown}


   Skills:
 + Level 2.8 Fighting
 * Level 4.1 Staves
 - Level 1.7 Throwing
 + Level 1.8 Armour
 + Level 3.2 Dodging


You had 4 spell levels left.
You didn't know any spells.
Your spell library contained the following spells:

 Spells                   Type           Power      Damage    Failure   Level
 Apportation              Tloc           0%         N/A       45%         1
 Sublimation of Blood     Necr           0%         N/A       61%         2
 Wereblood                Tmut           0%         N/A       61%         2
 Inner Flame              Hex/Fire       0%         N/A       83%         3
 Alistair's Intoxication  Tmut/Pois      0%         N/A       100%        5
 Yara's Violent Unravell  Hex/Tmut       0%         3d3       100%        5
 Enfeeble                 Hex            0%         N/A       100%        7
 Summon Hydra             Summ           0%         N/A       100%        7


Dungeon Overview and Level Annotations

Branches:
Dungeon (4/15)
 Temple: D:4-7

Altars:
The Shining One

Annotations:
D:3 Pikel


Innate Abilities, Weirdness & Mutations

You have extremely sharp teeth.
Your natural rate of healing is unusually fast.
When hurt, damage is shared between your health and your magic reserves.
Your bite disrupts and absorbs the magic of your enemies.
Potions cannot restore your health.


Message History

The quokka misses you. The quokka completely misses you.
You barely miss the quokka.
The quokka is heavily wounded.
The quokka bites you but does no damage.
You hit the quokka but do no damage.
The quokka is heavily wounded.
The quokka bites you but does no damage.
Pikel says, "You'll make a fine lemure."
You thump the quokka!
You kill the quokka!
You barely miss Pikel.
Pikel hits you with a +2 whip of freezing.
Pikel freezes you.
You barely miss Pikel.
Pikel says, "You'll make a fine lemure."
Pikel hits you with a +2 whip of freezing!
Pikel freezes you.
You thump Pikel!
Pikel is moderately wounded.
Pikel hits you with a +2 whip of freezing!
* * * LOW HITPOINT WARNING * * *
Pikel freezes you.
* * * LOW HITPOINT WARNING * * *
You barely miss Pikel.
Pikel is moderately wounded.
Pikel barely misses you.
You sock Pikel! Your bite misses Pikel.
Pikel is heavily wounded.
Pikel barely misses you.
You barely miss Pikel. You bite Pikel, but do no damage.
Pikel is heavily wounded.
Pikel hits you with a +2 whip of freezing.
* * * LOW HITPOINT WARNING * * *
Pikel freezes you.
* * * LOW HITPOINT WARNING * * *
You completely miss Pikel. You bite Pikel. You drain his power.
You feel invigorated.
Pikel is heavily wounded.
Pikel hits you with a +2 whip of freezing!
You die...

...............##................
.............####..........#..###
......)<.....##............##..##
......))............>......###.>#
.....###.....##.#................
)###.....####...######..########.
.###...............# ##.#⌠...###.
.)....(.......####.####.##...#...
......######....@K.<......._.#...
.......## #.######....###...####
........# #.# ####..#⌠...#.##
........####.#######....######..#
..................##K##.........#
.......#.............####.......#
......##.................#.....##
.............##.................#
.......###.#...........>.........


You could see Pikel.

Vanquished Creatures
  2 lemures (D:3)
  A hound (D:4)
  2 orc wizards (D:3)
  6 adders
  A worm (D:3)
  2 dart slugs
  9 orcs
  4 bats
  3 endoplasms
  2 giant cockroaches
  4 goblins
  7 hobgoblins
  6 jackals
  5 quokkas
  9 ball pythons
  3 frilled lizards (D:2)
  3 kobolds (D:3)
  4 rats
73 creatures vanquished.

Notes
Turn   | Place    | Note
-------+----------+-------------------------------------------
     0 | D:1      | Ivernyr the Vine Stalker Gladiator began the quest for the
                  | Orb.
     0 | D:1      | Reached XP level 1. HP: 11/11 MP: 2/2
   180 | D:1      | Reached XP level 2. HP: 15/15 MP: 1/3
   782 | D:1      | Reached skill level 3 in Staves
  1119 | D:2      | Reached XP level 3. HP: 18/18 MP: 4/4
  1237 | D:2      | Reached skill level 1 in Armour
  1725 | D:3      | You fall into a shaft and drop 1 floor!
  1733 | D:4      | Gained mutation: Your natural rate of healing is unusually
                  | fast. [Vine Stalker growth]
  1733 | D:4      | Reached XP level 4. HP: 20/23 MP: 3/5
  1754 | D:4      | Noticed Pikel
  1754 | D:4      | Noticed a lemure
  1754 | D:4      | Noticed a lemure
  1756 | D:4      | Noticed a lemure
  1778 | D:4      | Noticed a lemure
  1819 | D:3      | Reached XP level 5. HP: 27/27 MP: 3/6
  1936 | D:3      | Found a glowing golden altar of the Shining One.
  2022 | D:3      | Reached skill level 4 in Staves
  2231 | D:3      | Identified the +2 whip of Fokkow {drain, Fragile Will-
                  | Str+4}
  2398 | D:3      | Killed a lemure
  2424 | D:3      | Killed a lemure
  2477 | D:3      | Slain by Pikel

Illustrated notes

Levels and vault maps discovered:
D:1:      minmay_arrival_loop, layout_basic, serial_forest,
          infiniplex_forest_clump_C, infiniplex_forest_lined_corner,
          infiniplex_forest_lined_1, infiniplex_forest_diagonal,
          infiniplex_forest_join, infiniplex_forest_clump_medium,
          infiniplex_forest_end_2, infiniplex_forest_straight_2
D:2:      layout_loops_ring, kennysheep_big_empty_room
D:3:      minmay_chambers_of_threes, layout_rooms, mainiacjoe_overflow_alcove_2
D:4:      layout_cave_pools, uniq_pikel, uniq_duvessa

Skill      XL: |  1  2  3  4  5 |
---------------+----------------+-----
Fighting       | 2 |  2.8
Staves         | 3 4 |  4.1
Armour         | 1 |  1.8
Dodging        | 3 |  3.2
Throwing       | |  1.7

Action                     |  1- 3 |  4- 6 || total
---------------------------+-------+-------++-------
  Melee: Quarterstaff      |    69 |   131 ||   200
         Bite              |    16 |    34 ||    50
   Stab: Sleeping          |     1 |       ||     1
 Armour: Leather armour    |    23 |    35 ||    58
  Dodge: Dodged            |    46 |   169 ||   215
